 Dungeon Crawl Stone Soup version 0.20.0-10-g0535bb4 (webtiles) character file.

165 Azzok the Cudgeler (level 5, -1/32 HPs)
             Began as a Gargoyle Fighter on June 7, 2017.
             Slain by a thrashing horror (2 damage)
             ... on level 1 of the Abyss.
             The game lasted 00:04:42 (3067 turns).

Azzok the Cudgeler (Gargoyle Fighter)               Turns: 3067, Time: 00:04:42

Health: -1/32      AC: 13    Str: 20    XL:     5   Next: 46%
Magic:  5/5        EV:  5    Int:  9    God:
Gold:   162        SH:  9    Dex:  9    Spells: 4/4 levels left

rFire    . . .     SeeInvis .   a - +0 flail
rCold    . . .     Gourm    .   c - +0 shield
rNeg     + . .     Faith    .   o - +0 chain mail
rPois    ∞         Spirit   .   (no helmet)
rElec    +         Reflect  .   (no cloak)
rCorr    .         Harm     .   (no gloves)
MR       .....                  (no boots)
Stlth    ..........             (no amulet)
Regen    0.1/turn               r - ring of stealth
MPRegen  0.1/turn               (no ring)

@: no status effects
A: negative energy resistance 1, electricity resistance, unbreathing,
petrification resistance, rot immunity, AC +4
a: no special abilities


You were on level 1 of the Abyss.
You were hungry.

You visited 1 branch of the dungeon, and saw 3 of its levels.
You visited the Abyss 1 time.

You collected 162 gold pieces.

Inventory:

Hand Weapons
 a - a +0 flail (weapon)
Armour
 c - a +0 shield (worn)
 o - a +0 chain mail (worn)
Jewellery
 r - a ring of stealth (left hand)
Wands
 q - a wand of flame (18/48)
Scrolls
 b - a scroll of recharging {unknown}
 g - 2 scrolls of enchant weapon {unknown}
 h - 4 scrolls of identify {unknown}
 l - 5 scrolls of teleportation {unknown}
 m - 4 scrolls of remove curse {unknown}
 p - a scroll of fog {unknown}
 s - a scroll of fear {unknown}
Potions
 d - a potion of might
 e - a potion of ambrosia {unknown}
 j - a potion of lignification {unknown}
 k - a potion of mutation {unknown}
 t - a potion of curing {unknown}
Comestibles
 f - 3 bread rations
 i - a meat ration
 n - a royal jelly


   Skills:
 - Level 3.2 Fighting
 * Level 5.5 Maces & Flails
 - Level 3.2 Armour
 - Level 3.2 Shields


You had 4 spell levels left.
You didn't know any spells.

Dungeon Overview and Level Annotations

Branches:
Dungeon (3/15)

Altars:
Dithmenos

Annotations:
D:3 Crazy Yiuf


Innate Abilities, Weirdness & Mutations

You are resistant to torment.
Your stone body is resilient. (AC +4)
You are immune to poison.
You resist negative energy. (rN+)
You are resistant to electric shocks. (rElec)
You can survive without breathing.
You are immune to petrification.
You are immune to rotting.


Message History

You hold your ground!
You block the thrashing horror's attack.
The thrashing horror tramples you but does no damage. x2
A large abomination comes into view.
The thrashing horror roars!
The thrashing horror tramples you but does no damage.
The thrashing horror tramples you.
* * * LOW HITPOINT WARNING * * *
You hold your ground!
A smoke demon comes into view.
The thrashing horror tramples you.
* * * LOW HITPOINT WARNING * * *
You hold your ground!
You block the thrashing horror's attack.
You block the large abomination's attack.
Your shield and chain mail prevent you from hitting the large abomination.
You are feeling hungry.
The thrashing horror roars!
You hear a roar!
The thrashing horror tramples you.
You die...

▒····▒▒▒▒ ▒
·····▒▒·▒·▒·▒▒
▒▒ ▒··
·▒·▒·▒···▒▒··▒
▒·
·▒▒▒▒······▒·▒
▒▒·
▒·▒▒·▒·▒···▒ ·
▒···▒▒x▒···▒··
▒···········▒ ▒
▒··▒X··▒▒···
▒···@▒·▒ ··
·······X▒··· ·
···▒·▒···▒····
·▒·▒3▒▒▒·▒·▒···
· ▒ ▒▒·▒▒·· ▒·


You could see an ancient zyme, a thrashing horror and a large abomination.

Vanquished Creatures
  An orc wizard (D:3)
  A worker ant (D:3)
  3 adders
  An ooze (D:1)
  A worm (D:2)
  4 dart slugs
  4 leopard geckos
  4 orcs (D:3)
  A giant cockroach (D:1)
  8 goblins
  6 hobgoblins
  6 jackals
  8 kobolds
  A ball python (D:3)
  6 bats
  5 frilled lizards
  A jackal skeleton (D:3)
  6 rats
  A bush (D:3)
68 creatures vanquished.

Notes
Turn   | Place    | Note
-------+----------+-------------------------------------------
     0 | D:1      | Azzok the Gargoyle Fighter began the quest for the Orb.
     0 | D:1      | Reached XP level 1. HP: 14/14 MP: 1/1
   151 | D:1      | Reached XP level 2. HP: 19/19 MP: 2/2
   183 | D:1      | Reached skill level 3 in Maces & Flails
   699 | D:1      | Reached XP level 3. HP: 19/23 MP: 3/3
  1151 | D:2      | Reached skill level 4 in Maces & Flails
  1176 | D:2      | Reached XP level 4. HP: 27/28 MP: 4/4
  2177 | D:3      | Reached skill level 5 in Maces & Flails
  2187 | D:3      | Reached XP level 5. HP: 32/32 MP: 5/5
  2266 | D:3      | Found a shadowy altar of Dithmenos.
  2600 | D:3      | Found a faded altar of an unknown god.
  2976 | D:3      | Found a runed door.
  2980 | D:3      | Noticed Crazy Yiuf
  2988 | D:3      | Cast into level 1 of the Abyss (Crazy Yiuf)
  3015 | Abyss:1  | Noticed a black draconian knight
  3022 | Abyss:1  | Found a viscous altar of Jiyva.
  3050 | Abyss:1  | Noticed a thrashing horror
  3051 | Abyss:1  | Noticed an ancient zyme
  3064 | Abyss:1  | Noticed a large abomination
  3066 | Abyss:1  | Noticed a smoke demon
  3066 | Abyss:1  | HP: 1/32 [thrashing horror (2)]
  3067 | Abyss:1  | Slain by a thrashing horror

Skill      XL: |  1  2  3  4 |
---------------+-------------+-----
Maces & Flails | 3 4 5 |  5.5
Fighting       | |  3.2
Armour         | |  3.2
Shields        | |  3.2

Action                   |  1- 3 |  4- 6 || total
-------------------------+-------+-------++-------
Melee: Flail             |   151 |   153 ||   304
  Eat: Chunk             |     1 |     6 ||     7
Armor: Scale mail        |    89 |     3 ||    92
       Chain mail        |       |    68 ||    68
Dodge: Dodged            |    65 |    22 ||    87
Block: Shield            |    93 |    58 ||   151
